AoeStats
← die trying

Arabia

503434970Analyzed
1v1 RM · 1mo ago on Aug 31, 2026· 37m 10s· 2 players
Game mode
Random Map
Map size
Tiny (2 player)
Population
200
Speed
Normal
Resources
Standard
Victory
Conquest
Starting age
Dark Age
Ending age
Imperial Age
RankedLock teamsTeams togetherTeam positionsShared explorationLock speedFull tech treeHidden civsTurbo modeCheats
Victory
Defeat
🇨🇱 Mongols · Chile
1877
+19
🇦🇷 Japanese · Argentina
1950
-19
die trying
5:52 Loom
7:58 Feudal Age
8:07 Man-at-Arms
13:46 Fletching
14:52 Double-Bit Axe
17:58 Padded Archer Armor
17:58 Horse Collar
23:10 Castle Age
21:31 Gold Mining
23:13 Crossbowman
23:49 Bodkin Arrow
23:41 Elite Skirmisher
25:41 Ballistics
27:49 Leather Archer Armor
31:54 Thumb Ring
32:15 Bow Saw
39:46 Imperial Age
DS_Kawakaze
5:28 Loom
8:51 Feudal Age
9:05 Man-at-Arms
11:03 Double-Bit Axe
15:31 Fletching
21:06 Castle Age
21:46 Bodkin Arrow
21:12 Crossbowman
33:51 Guard Tower
36:36 Ballistics
Connection lost

Rejoining the realm…

Still unreachable

The connection could not be restored.

Session expired

The server has moved on; the page needs a fresh start.